 Dungeon Crawl Stone Soup version 0.28.0-47-ge53b351184 (webtiles) character file.

Game seed: 12694983124183077441

40 Allula97 the Insei (level 3, -5/23 HPs)
             Began as an Octopode Transmuter on May 3, 2022.
             Slain by a gnoll
             ... wielding a +0 halberd
              (7 damage)
             ... on level 2 of the Dungeon.
             The game lasted 00:02:46 (1847 turns).

Allula97 the Insei (Octopode Transmuter)            Turns: 1847, Time: 00:02:47

Health: -5/23      AC:  1    Str:  9    XL:     3   Next: 50%
Magic:  6/6        EV: 13    Int: 15    God:
Gold:   67         SH:  0    Dex: 14    Spells: 5/6 levels left

rFire   . . .      SeeInvis .     - Unarmed
rCold   . . .      Faith    .   (no shield)
rNeg    . . .      Spirit   .   (helmet currently unavailable)
rPois   .          Reflect  .   (no amulet)
rElec   .          Harm     .   (no ring)
rCorr   .          Rampage  .   (no ring)
Will    .....                   (no ring)
Stlth   +++.......              (no ring)
HPRegen 0.07/turn               (no ring)
MPRegen 0.10/turn               (no ring)
                                (no ring)
                                (no ring)

@: appendages (expiring)
A: tentacle spike 3, almost no armour, amphibious, 8 rings, camouflage 1,
gelatinous body 1, (nimble swimmer 1), tentacles
a: End Transformation


You were on level 2 of the Dungeon.
One of your tentacles had grown a beastly spike.
You visited 1 branch of the dungeon, and saw 2 of its levels.

You collected 67 gold pieces.

Inventory:

Missiles
 g - an atropa-tipped dart
Wands
 h - a wand of polymorph (8)
Scrolls
 b - a scroll of magic mapping {unknown}
 c - a scroll of teleportation {unknown}
 f - a scroll of fog {unknown}
 j - 2 scrolls of vulnerability {unknown}
Potions
 a - 5 potions of mutation {unknown}
 d - a potion of invisibility {unknown}
 e - a potion of curing {unknown}
 i - 2 potions of degeneration {unknown}
 k - a potion of ambrosia {unknown}


   Skills:
 * Level 1.2 Fighting
 * Level 2.2 Dodging
 * Level 1.4 Stealth
 * Level 3.7 Unarmed Combat
 * Level 2.1 Spellcasting
 * Level 2.3 Transmutations


You had 5 spell levels left.
You knew the following spells:

 Your Spells              Type           Power      Damage    Failure   Level
a - Beastly Appendage     Tmut           16%        N/A       9%          1

Your spell library contained the following spells:

 Spells                   Type           Power      Damage    Failure   Level
 Wereblood                Tmut           8%         N/A       13%         2
 Animate Skeleton         Necr           2%         N/A       22%         1
 Foxfire                  Conj/Fire      4%         2x1d4     22%         1
 Pain                     Necr           4%         1d4       22%         1
 Spider Form              Tmut/Pois      5%         N/A       38%         3
 Conjure Flame            Conj/Fire      1%         6-21      54%         3
 Inner Flame              Hex/Fire       1%         N/A       54%         3
 Vampiric Draining        Necr           1%         2d6       54%         3
 Ice Form                 Ice/Tmut       5%         N/A       80%         4
 Flame Wave               Conj/Fire      1%         2d4       91%         4
 Iskenderun's Battlesphe  Conj           1%         2d6       99%         5
 Iron Shot                Conj/Erth      0%         9d1       100%        6
 Spellforged Servitor     Conj/Summ      0%         N/A       100%        7


Dungeon Overview and Level Annotations

Branches:
Dungeon (2/15)

Altars:


Innate Abilities, Weirdness & Mutations

One of your tentacles has grown a beastly spike.
You cannot wear most types of armour.
You are amphibious.
You can wear up to eight rings at the same time.
Your skin changes colour to match your surroundings (Stealth+).
Your rubbery body absorbs attacks. (AC +1, EV +1)
((You are camouflaged when in or above water. (Stealth+)))
You have tentacles for arms and can constrict up to eight enemies at once.


Message History

Sorry, you're not good enough to have a special ability.
Throw: 3 darts (atropa)
Press: ? - help, Shift-Dir - straight line, f - gnoll
Aim: a gnoll, wielding a +0 halberd (61% to hit, chance to blind on hit: 100%)
You throw an atropa-tipped dart.
The atropa-tipped dart closely misses the gnoll.
The atropa-tipped dart hits the gnoll.
The gnoll appears confused.
The gnoll seems less confused.
Casting: Beastly Appendage (safe; 9% risk of failure)
Press: ? - help, Q - select action, (/) - cycle Dir - look around, f - activate One of your tentacles grows a vicious spike.
The gnoll is no longer blind.
The gnoll completely misses you.
Throw: 2 darts (atropa)
Press: ? - help, Shift-Dir - straight line, f - gnoll
Aim: a gnoll, wielding a +0 halberd (61% to hit, chance to blind on hit: 100%)
You throw an atropa-tipped dart. The atropa-tipped dart hits the gnoll.
The gnoll appears confused.
The gnoll barely misses the gnoll.
The gnoll seems less confused.
You tentacle-slap the gnoll. You grab the gnoll.
You pierce the gnoll.
The gnoll is heavily wounded.
You constrict the gnoll, but do no damage.
The gnoll hits you with a +4 flail.
You tentacle-slap the gnoll but do no damage.
You squeeze the gnoll!
You kill the gnoll!
The gnoll is no longer blind.
You tentacle-slap the gnoll but do no damage.
You grab the gnoll.
You pierce the gnoll, but do no damage.
You constrict the gnoll, but do no damage.
The gnoll struggles to escape constriction.
The gnoll hits you from afar with a +0 halberd!
You tentacle-slap the gnoll.
You pierce the gnoll.
The gnoll is almost dead.
Your transformation is almost over.
You constrict the gnoll.
The gnoll escapes!
The gnoll hits you with a +0 club.
* * * LOW HITPOINT WARNING * * *
The gnoll hits you from afar with a +0 halberd!
You die...

#.# #####....## #.#
..........# .# #.#########.#.#
.# #.##......#...# ##
#########.##.####.#...### ...
#......##.##+####.#..>..#
....##...............#.#.#.###
....('......(........#†#.#.#
....##.......)gg@........#.#
### #.................###.#
#.................# #.#
#......###...###..###.#
#......# #...# #......#
#......# #...###.######
###...## #....##.# #...
#....##.##### #...
##...##.....#


You could see 2 gnolls.

Vanquished Creatures
  A gnoll (D:2)
  A dart slug (D:1)
  A bat (D:2)
  2 endoplasms
  A giant cockroach (D:1)
  2 hobgoblins
  4 jackals (D:2)
  3 kobolds
  A quokka (D:1)
  3 ball pythons
  2 frilled lizards
  2 goblins
  3 rats
26 creatures vanquished.

Notes
Turn   | Place    | Note
-------+----------+-------------------------------------------
     0 | D:1      | Allula97 the Octopode Transmuter began the quest for the
                  | Orb.
     0 | D:1      | Reached XP level 1. HP: 13/13 MP: 3/3
   479 | D:1      | Reached XP level 2. HP: 16/18 MP: 5/5
  1417 | D:2      | Reached skill level 1 in Stealth
  1417 | D:2      | Reached XP level 3. HP: 12/23 MP: 6/6
  1847 | D:2      | Slain by a gnoll

Illustrated notes

Levels and vault maps discovered:
D:1:      kennysheep_arrival_seaside, layout_basic, minmay_crystal_water,
          minmay_split_cup_small
D:2:      layout_basic

Skill      XL: |  1  2 |
---------------+-------+-----
Stealth        | 1 |  1.4
Fighting       | |  1.2
Dodging        | |  2.2
Unarmed Combat | |  3.7
Spellcasting   | |  2.1
Transmutations | |  2.3

Action                   || total
-------------------------++-------
Melee: Unarmed           ||    55
       Constrict         ||    16
       Tentacles         ||     8
       Kick              ||    11
       Punch             ||     1
Throw: Dart              ||     2
 Cast: Beastly Appendage ||     6
 Stab: Sleeping          ||     4
Armor: Skin              ||     2
Dodge: Dodged            ||    25
